 Dungeon Crawl Stone Soup version 0.31-a0-431-g88bdf31460 (webtiles) character file.

Game seed: 9469754465488619585

19 Flugkiller the Changeling (level 2, -4/17 HPs)
             Began as a Deep Elf Shapeshifter on July 31, 2023.
             Was a Follower of Vehumet.
             Slain by a hobgoblin (5 damage)
             ... on level 1 of the Dungeon.
             The game lasted 00:01:14 (334 turns).

Flugkiller the Changeling (Deep Elf Shapeshifter)    Turns: 334, Time: 00:01:14

Health: -4/17      AC:  2    Str: 12    XL:     2   Next: 55%
Magic:  4/4        EV: 12    Int: 12    God:    Vehumet [*.....]
Gold:   26         SH:  0    Dex: 15    Spells: 0/1 levels left

rFire   . .          .
                       - Unarmed
rCold   . . .        (no shield)
rNeg    . . .        a - +0 animal skin
rPois   .            (helmet currently unavailable)
rElec   .            (cloak currently unavailable)
rCorr   .            (gloves currently unavailable)
SInv    .            (boots currently unavailable)
Will    .....        (no amulet)
Stlth   +            (no ring)
HPRegen 0.22/turn    (no ring)
MPRegen 0.09/turn

%: no passive effects
@: beast-form
A: beast (slay +2)
a: Begin Untransformation, Renounce Religion


You were on level 1 of the Dungeon.
You worshipped Vehumet.
Vehumet was aware of your devotion.
You were a hulking beast.
You visited 1 branch of the dungeon, and saw 1 of its levels.

You collected 26 gold pieces.

Inventory:

Armour
 a - a +0 animal skin (worn)
Talismans
 c - a beast talisman (active)
Scrolls
 d - a scroll of noise {unknown}
 e - a scroll of revelation {unknown}
Potions
 b - 3 potions of lignification
 f - a potion of curing {unknown}


   Skills:
 - Level 2.0 Fighting
 - Level 2.4 Dodging
 + Level 2.5 Unarmed Combat
 + Level 0.0 Spellcasting
 - Level 3.2 Shapeshifting


You couldn't memorise any spells.
You knew the following spells:

 Your Spells              Type           Power      Damage    Failure   Level
a - Shock                 Conj/Air       0%         1d3       32%         1

Your spell library contained the following spells:

 Spells                   Type           Power      Damage    Failure   Level


Dungeon Overview and Level Annotations

Branches:
Dungeon (1/15) Zot: 5663

Altars:
Vehumet

Shops:
D:1 :


Message History

A kobold comes into view. It is wielding a +0 dagger.
The kobold shouts!
The hobgoblin shouts!
You hear an angry hiss. x2
You hear a shout!
The hobgoblin barely misses you.
You hit the hobgoblin.
The hobgoblin is heavily wounded.
A ball python comes into view.
The hobgoblin barely misses you.
You hit the hobgoblin. You punch the hobgoblin.
You kill the hobgoblin!
Training target 2.0 for Fighting reached!
Your Fighting skill increases to level 2!
You need to enable at least one skill for training.
You punch the ball python!
You kill the ball python!
You hit the kobold.
You kill the kobold!
No target in view!
No target in view!
You see here a +0 dagger.
You enter the shallow water.
Moving in this stuff is going to be slow.
There is a faded altar of an unknown god here.
This altar belongs to (a) Fedhas, (b) Wu Jian or (c) Vehumet, but you can't tell which.
Press the corresponding letter to learn more about a god, or press enter to convert or escape to cancel.
Vehumet accepts your prayer! Vehumet welcomes you!
You can now gain magical power from killing.
Vehumet offers you knowledge of Shock.
You enter the shallow water.
Moving in this stuff is going to be slow.
A hobgoblin comes into view.
A hobgoblin is nearby!
You don't know any spells.
Unknown command.
Created macro '1' => 'zaf'.
Unknown command.
You don't know any spells.
Memorise Shock, consuming 1 spell level and leaving 0?
Vehumet grants you knowledge of Shock.
You start memorising the spell.
You continue memorising.
You finish memorising.
You add the spell Shock to your library.
Spell assigned to 'a'.
Casting: Shock (safe; 32% risk of failure)
Confirm with . or Enter, or press ? or * to list all spells.
Aiming: Shock (safe; 32% risk of failure)
Press: ? - help, Shift-Dir - straight line, f - hobgoblin
Aim: a hobgoblin (64% to hit)
The zap misses the hobgoblin.
The frilled lizard hisses angrily.
Casting: Shock (safe; 32% risk of failure)
Confirm with . or Enter, or press ? or * to list all spells.
Aiming: Shock (safe; 32% risk of failure)
Press: ? - help, Shift-Dir - straight line, f/p - hobgoblin
Aim: a hobgoblin (64% to hit)
You miscast Shock.
You are very lightly contaminated with residual magic.
Nothing appears to happen.
Your magical contamination has completely faded away.
The hobgoblin hits you.
You hit the hobgoblin.
The hobgoblin is heavily wounded.
The hobgoblin hits you.
You hit the hobgoblin.
You kill the hobgoblin!
Vehumet accepts your kill.
You hit the frilled lizard.
You kill the frilled lizard!
Vehumet accepts your kill.
No target in view!
No target in view!
You see here a hobgoblin corpse.
You start resting.
HP restored.
A hobgoblin comes into view.
A hobgoblin is nearby!
A hobgoblin is nearby!
The hobgoblin shouts!
You closely miss the hobgoblin. The hobgoblin hits you.
You hit the hobgoblin.
The hobgoblin is moderately wounded.
The hobgoblin hits you.
You closely miss the hobgoblin. Your punch misses the hobgoblin.
The hobgoblin is moderately wounded.
The hobgoblin barely misses you.
You closely miss the hobgoblin.
The hobgoblin is moderately wounded.
The hobgoblin hits you.
You closely miss the hobgoblin.
The hobgoblin is moderately wounded.
The hobgoblin hits you.
* * * LOW HITPOINT WARNING * * *
You hit the hobgoblin.
The hobgoblin is almost dead.
The hobgoblin hits you.
* * * LOW HITPOINT WARNING * * *
You hit the hobgoblin but do no damage.
The hobgoblin is almost dead.
The hobgoblin hits you.
You die...

.............. #.<.
###.......##.... #...
#.......#..... #...
#.......#..... ## ##.#
#.......#..... #.. ###
#.......##.... .. #.####.#
#.............## ..####.......
#.........#.#g.##.#.......##..#
#.......###.##h##..##....##..†.
#.......# #....##..#..#....##..
####)#..l## ###..##....#....†#8..
........g######..........†...##..
.......#.##..†....##.#.......##..
.........#..#####............##..
...........##..........(.....#⌠..
~~~.........#[...............##..
~_~.....###..................##..


You could see a hobgoblin.

Vanquished Creatures
  2 endoplasms (D:1)
  3 hobgoblins (D:1)
  2 ball pythons (D:1)
  2 bats (D:1)
  3 frilled lizards (D:1)
  6 kobolds (D:1)
  A rat (D:1)
19 creatures vanquished.

Notes
Turn   | Place    | Note
-------+----------+-------------------------------------------
     0 | D:1      | Flugkiller the Deep Elf Shapeshifter began the quest for
                  | the Orb.
     0 | D:1      | Reached XP level 1. HP: 11/11 MP: 3/3
    22 | D:1      | Reached skill level 1 in Fighting
   101 | D:1      | Reached XP level 2. HP: 12/17 MP: 4/4
   149 | D:1      | Found Qaas's Book Shop.
   192 | D:1      | Found a faded altar of an unknown god.
   261 | D:1      | Prayed at the altar of an unknown god.
   261 | D:1      | Became a worshipper of Vehumet
   261 | D:1      | Reached * piety under Vehumet
   261 | D:1      | Offered knowledge of Shock by Vehumet.
   275 | D:1      | Learned a level 1 spell: Shock
   334 | D:1      | Slain by a hobgoblin

Illustrated notes

Levels and vault maps discovered:
D:1:      minmay_arrival_shattered_statue, layout_rooms,
          hellmonk_ecumenical_altar_pennies_from_heaven, serial_shops,
          nicolae_square_shop, corexii_hall_statues_i

Skill      XL: |  1  2 |
---------------+-------+-----
Fighting       | 1 2 |  2.0
Dodging        | |  2.4
Unarmed Combat | |  2.5
Shapeshifting  | |  3.2

Action                     || total
---------------------------++-------
  Melee: Unarmed           ||    47
         Punch             ||     2
   Cast: Shock             ||     1
 Armour: Animal skin       ||     9
  Dodge: Dodged            ||    34

Table legend: (Time is in decaauts)
 A = Elapsed time spent in this place.
 B = Non-inter-level travel time spent in this place.
 C = Inter-level travel time spent in this place.
 D = Time resting spent in this place.
 E = Time spent auto-exploring this place.
 F = Levels seen in this place.
 G = Mean time per level.
                   A        B        C        D        E       F      G
               +--------+--------+--------+--------+--------+-----+--------+
         Total |    335 |    335 |      0 |     56 |    127 |   1 |  335.0 |
       Dungeon |    335 |    335 |      0 |     56 |    127 |   1 |  335.0 |
               +--------+--------+--------+--------+--------+-----+--------+

Top non-repeatable levels by time:
     D:1: 335 daAuts
